 Dungeon Crawl Stone Soup version 0.31-a0-237-g2d982f9f85 (webtiles) character file.

Game seed: 6773825759008100273

300 qw the Shooter (level 6, -1/52 HPs)
             Began as a Minotaur Hexslinger on July 11, 2023.
             Slain by Grinder (6 damage)
             ... while paralysed by Grinder
             ... in a sewer.
             The game lasted 00:01:05 (2180 turns).

qw the Shooter (Minotaur Hexslinger)                Turns: 2180, Time: 00:01:05

Health: -1/52      AC:  5    Str: 13    XL:     6   Next: 13%
Magic:  6/6        EV:  2    Int: 10    God:
Gold:   107        SH:  0    Dex: 14    Spells: 6/7 levels left

rFire   . . .        Y - +1 shortbow (drain)
rCold   . . .        (shield currently unavailable)
rNeg    . . .        e - +0 ring mail
rPois   .            (helmet restricted)
rElec   .            (no cloak)
rCorr   .            (no gloves)
SInv    .            (no boots)
Will    .....        (no amulet)
Stlth   +            (no ring)
HPRegen 0.28/turn    (no ring)
MPRegen 0.10/turn

%: no passive effects
@: paralysed
A: horns 2, retaliatory headbutt
a: no special abilities


You were in a sewer.
You visited 1 branch of the dungeon, and saw 3 of its levels.
You also visited: Sewer.

You collected 197 gold pieces.
You spent 90 gold pieces at shops.


Innate Abilities, Weirdness & Mutations

You have a pair of horns on your head.
You reflexively headbutt those who attack you in melee.


   Skills:
 + Level 3.6 Fighting
 - Level 6.2 Ranged Weapons
 - Level 1.0 Armour
 - Level 2.1 Dodging
 - Level 1.0 Spellcasting
 - Level 2.0 Hexes


You had 6 spell levels left.
You knew the following spells:

 Your Spells              Type           Power      Damage    Failure   Level
a - Slow                  Hex            16%        N/A       32%         1

Your spell library contained the following spells:

 Spells                   Type           Power      Damage    Failure   Level
 Inner Flame              Hex/Fire       2%         N/A       82%         3
 Portal Projectile        Hex/Tloc       4%         N/A       82%         3
 Cause Fear               Hex            2%         N/A       97%         4

Inventory:

Hand Weapons
 Y - a +1 shortbow of draining (weapon)
Armour
 e - a +0 ring mail (worn)
Scrolls
 a - 2 scrolls of identify
 i - a scroll of teleportation
Potions
 b - a potion of brilliance {unknown}
 c - a potion of haste
 d - 2 potions of resistance {unknown}
 f - a potion of lignification {unknown}
 g - a potion of curing
 h - a potion of enlightenment {unknown}

Dungeon Overview and Level Annotations

Branches:
Dungeon (3/15)              Sewer (1/1)

Altars:
Ru
Zin

Annotations:
Sewer Grinder


Message History

You shoot an arrow.
The arrow hits Grinder but does no damage.
Grinder closely misses you.
You shoot an arrow.
The arrow hits Grinder but does no damage.
Grinder hits you.
You writhe in agony.
You shoot an arrow.
The arrow hits Grinder but does no damage.
Grinder closely misses you. Grinder gestures at you.
Pain shoots through your body!
You shoot an arrow. The arrow hits Grinder.
Grinder is lightly wounded.
Grinder barely misses you. You furiously retaliate!
You headbutt Grinder. You shoot an arrow.
The arrow hits Grinder but does no damage.
Grinder is lightly wounded.
Grinder hits you but does no damage.
You shoot an arrow. The arrow hits Grinder.
Grinder is moderately wounded.
Grinder hits you.
You writhe in agony.
You shoot an arrow. The arrow hits Grinder.
Grinder is moderately wounded.
Grinder hits you!
You shoot an arrow. The arrow hits Grinder.
Grinder is heavily wounded.
Grinder closely misses you. You furiously retaliate!
You headbutt Grinder, but do no damage. Grinder hits you but does no damage.
You shoot an arrow.
The arrow hits Grinder but does no damage.
Grinder is heavily wounded.
Grinder gestures at you. Pain shoots through your body!
You shoot an arrow. The arrow hits Grinder!
Grinder is severely wounded.
Grinder gestures at you.
You suddenly lose the ability to move!
Grinder hits you. Grinder hits you!
You writhe in agony.
You die...

#~...~# #~..)~# ########
#~...~# +.~~~~~~ #~...~#
~.#.~~~~~~ #~...~# ..#.~~~~~~
~...~# ~~.#.~~~~~~
##5''###~~.#...~~~~
#########.@...##~~.#...~~~~
##~~~~~~#...¤..###.####.###~
###.......'.¤.....#...#~~.....
#\./......'..._.¤.)...~~~~....
###[......).¤....)#)..#~~.....
##~~~~~~#...¤..###.####.#~##
#########.....##~~.#...~~~~
##'''###~.)#..~~~~~
#~...~##~~.#.~~~~~~


You could see Grinder.

Vanquished Creatures
  A kobold brigand (Sewer)
  2 quasits (Sewer)
  3 adders
  4 shadow imps (Sewer)
  4 ufetubi (Sewer)
  3 dart slugs
  8 ball pythons
  2 bat zombies (Sewer)
  4 endoplasms
  8 giant cockroaches
  9 goblins
  5 hobgoblins
  7 quokkas
  2 bats (D:1)
  2 frilled lizards (D:1)
  12 kobolds
  2 kobold zombies (Sewer)
  7 rats
85 creatures vanquished.

Vanquished Creatures (others)
  2 bat zombies (Sewer)
  A kobold zombie (Sewer)
3 creatures vanquished.

Grand Total: 88 creatures vanquished

Notes
Turn   | Place    | Note
-------+----------+-------------------------------------------
     0 | D:1      | qw the Minotaur Hexslinger began the quest for the Orb.
     0 | D:1      | Reached XP level 1. HP: 16/16 MP: 1/1
     0 | D:1      | 0 ||| qw: Version: 0.3-a-52-g30416fa
     0 | D:1      | 0 ||| qw: Game counter: 5417
     0 | D:1      | 0 ||| qw: Melee chars always use a shield: true
     0 | D:1      | 0 ||| qw: God list: Okawaru
     0 | D:1      | 0 ||| qw: Allow faded altars: false
     0 | D:1      | 0 ||| qw: Do Orc after clearing Dungeon:15 true
     0 | D:1      | 0 ||| qw: Do second Lair branch before Depths: true
     0 | D:1      | 0 ||| qw: Lair rune preference: random
     0 | D:1      | 0 ||| qw: Goals: Normal
     0 | D:1      | 0 ||| PLANNING D:1-11
    84 | D:1      | Reached skill level 3 in Ranged Weapons
    84 | D:1      | Reached XP level 2. HP: 23/23 MP: 2/2
   328 | D:1      | Reached XP level 3. HP: 29/29 MP: 3/3
   471 | D:1      | 471 ||| UPGRADING to +0 leather armour.
   481 | D:1      | 481 ||| DROPPING +0 robe.
   482 | D:1      | 482 ||| READING 2 scrolls labelled LUADOL AF BOM.
   483 | D:1      | 483 ||| READING scroll labelled DAIMUU GUMN.
   534 | D:1      | 534 ||| READING scroll labelled EHOYNIOGAO.
   535 | D:1      | 535 ||| READING scroll labelled SUAZUOXAILU.
   536 | D:1      | 536 ||| READING scroll labelled KIFACI ANIAPN.
   537 | D:1      | 537 ||| DROPPING scroll of poison.
   621 | D:2      | Identified the +1 spear "Killer Klown's Bane" {heavy, rCorr
                  | Str+3 Int-2}
   767 | D:2      | Found a faded altar of an unknown god.
   790 | D:2      | Reached skill level 4 in Ranged Weapons
  1210 | D:2      | 1210 ||| UPGRADING to +0 ring mail.
  1220 | D:2      | 1220 ||| DROPPING +0 leather armour.
  1221 | D:2      | 1221 ||| READING scroll labelled READANE NEDI.
  1221 | D:2      | Identified a scroll of acquirement
  1221 | D:2      | 1221 ||| ACQUIRING +0 shortbow of draining
  1221 | D:2      | Acquired a +0 shortbow of draining
  1223 | D:2      | 1223 ||| SWAPPING to +0 shortbow of draining.
  1224 | D:2      | 1224 ||| DROPPING +1 sling.
  1225 | D:2      | 1225 ||| DRINKING 2 bubbling white potions.
  1226 | D:2      | 1226 ||| READING 2 scrolls of identify.
  1226 | D:2      | 1226 ||| IDENTIFYING amethyst potion
  1227 | D:2      | 1227 ||| DROPPING potion of ambrosia.
  1236 | D:3      | 1236 ||| PLANNING SEWER
  1239 | D:3      | Reached skill level 1 in Armour
  1239 | D:3      | Reached XP level 4. HP: 36/36 MP: 4/4
  1467 | D:3      | Found Zin's Purification Station.
  1473 | D:3      | Found a glowing silver altar of Zin.
  1476 | D:3      | 1476 ||| BUYING potion of curing (90 gold).
  1476 | D:3      | Bought a potion of curing for 90 gold pieces
  1512 | D:3      | Found a sacrificial altar of Ru.
  1662 | D:3      | Found a glowing drain.
  1667 | D:3      | 1667 ||| READING scroll labelled WOCIDY SAUN.
  1668 | D:3      | 1668 ||| READING scroll labelled ZACIWIESKE.
  1669 | D:3      | 1669 ||| READING scroll labelled OPORIA WE LEN.
  1715 | D:3      | 1715 ||| Stepping ~*~*~tactically~*~*~ (water).
  1723 | Sewer    | Entered a sewer
  1749 | Sewer    | Reached skill level 5 in Ranged Weapons
  1751 | Sewer    | 1751 ||| FLEEEEING.
  1752 | Sewer    | 1752 ||| FLEEEEING.
  1753 | Sewer    | 1753 ||| FLEEEEING.
  1849 | Sewer    | Reached XP level 5. HP: 21/44 MP: 5/5
  1956 | Sewer    | Reached skill level 3 in Fighting
  1995 | Sewer    | Found a burning altar of Makhleb.
  2012 | Sewer    | Reached skill level 6 in Ranged Weapons
  2132 | Sewer    | Reached XP level 6. HP: 51/51 MP: 6/6
  2161 | Sewer    | Noticed Grinder
  2178 | Sewer    | Paralysed by Grinder for 4 turns
  2179 | Sewer    | HP: 12/52 [Grinder (4)]
  2180 | Sewer    | HP: 5/52 [Grinder (7)]
  2180 | Sewer    | Slain by Grinder

Levels and vault maps discovered:
D:1:      lightli_iron_boxes, layout_rooms
D:2:      layout_loops_cross, dreamdust_ecumenical_altar_angels_and_demons
D:3:      minmay_recursive_quarters, layout_loops_corners, zin_purify,
          nicolae_hepliaklqana_monster_ancestors,
          mainiacjoe_overflow_cross_hatched, gup_sewer_entry_pipe
Sewer:    kennysheep_sewer_church

Skill      XL: |  1  2  3  4  5 |
---------------+----------------+-----
Ranged Weapons | 3 4 5 6 |  6.2
Fighting       | 2 3 |  3.6
Armour         | 1 |  1.0
Dodging        | |  2.1
Spellcasting   | |  1.0
Hexes          | |  2.0

Action                     |  1- 3 |  4- 6 || total
---------------------------+-------+-------++-------
   Fire: Sling             |   109 |       ||   109
         Shortbow          |     3 |   140 ||   143
    Use: Scroll            |     7 |     3 ||    10
         Potion            |     1 |       ||     1
 Armour: Robe              |     4 |       ||     4
         Leather armour    |     4 |       ||     4
         Ring mail         |       |    37 ||    37
  Dodge: Dodged            |    13 |    63 ||    76

Table legend:
 A = Non-vault XP
 B = Vault XP
 C = Vault XP percentage of total XP
 D = Non-vault monster count
 E = Vault monster count
 F = Vault count percentage of total count
                 A         B        C        D         E       F
            +---------+---------+-------+---------+---------+-------
      Total |     125 |     304 |  70.9 |      51 |      34 |  40.0
            +---------+---------+-------+---------+---------+-------
        D:1 |      44 |       0 |   0.0 |      25 |       0 |   0.0
        D:2 |      40 |       0 |   0.0 |      15 |       0 |   0.0
        D:3 |      41 |      12 |  22.6 |      11 |       6 |  35.3
      Sewer |       0 |     292 | 100.0 |       0 |      28 | 100.0
            +---------+---------+-------+---------+---------+-------
